 Dungeon Crawl Stone Soup version 0.22-a0-353-g2d6336e (webtiles) character file.

158 theanonym the Magician (level 5, -4/35 HPs)
             Began as a Mummy Conjurer on Apr 15, 2018.
             Slain by a gnoll
             ... wielding a +0 spear
              (11 damage)
             ... on level 3 of the Dungeon.
             The game lasted 00:04:16 (2488 turns).

theanonym the Magician (Mummy Conjurer)             Turns: 2488, Time: 00:04:17

Health: -4/35      AC:  2    Str: 11    XL:     5   Next: 16%
Magic:  1/12       EV: 12    Int: 15    God:
Gold:   76         SH:  0    Dex: 13    Spells: 9/14 levels left

rFire    x . .     SeeInvis .   d - +0 dagger
rCold    + . .     Gourm    .   (no shield)
rNeg     + + +     Faith    .   a - +0 robe
rPois    ∞         Spirit   .   (no helmet)
rElec    .         Reflect  .   (no cloak)
rCorr    .         Harm     .   (no gloves)
MR       .....                  (no boots)
Stlth    ++........             (no amulet)
HPRegen  0.11/turn              (no ring)
MPRegen  0.13/turn              (no ring)

@: very slightly contaminated
A: no food or potions, fire vulnerability, cold resistance 1, negative energy
resistance 3, torment resistance, unbreathing
a: no special abilities


Innate Abilities, Weirdness & Mutations

You do not eat or drink.
Your flesh is vulnerable to fire.
You are immune to poison.
Your flesh is cold resistant. (rC+)
You are immune to negative energy. (rN+++)
You are immune to unholy pain and torment.
You can survive without breathing.


   Skills:
 - Level 1.5 Dodging
 - Level 1.5 Stealth
 + Level 5.0 Spellcasting
 * Level 4.5 Conjurations


You had 9 spell levels left.
You knew the following spells:

 Your Spells              Type           Power        Failure   Level  Hunger
a - Magic Dart            Conj           ###.         2%          1    N/A
b - Iskenderun's Mystic   Conj           ###.....     26%         4    N/A

Skill      XL: |  1  2  3  4  5 |
---------------+----------------+-----
Spellcasting   | 3 4 5 |  5.0
Conjurations   | 4 |  4.5
Dodging        | |  1.5
Stealth        | |  1.5

Action                   |  1- 3 |  4- 6 || total
-------------------------+-------+-------++-------
Melee: Unarmed           |     1 |       ||     1
       Dagger            |     6 |       ||     6
       Club              |     4 |       ||     4
 Cast: Magic Dart        |   105 |    31 ||   136
       Iskenderun's Myst |       |     1 ||     1
Armor: Robe              |     8 |     6 ||    14
Dodge: Dodged            |    14 |     9 ||    23

Inventory:

Hand Weapons
 b - a +0 club
   (You took it off a hobgoblin on level 1 of the Dungeon)
 d - a +0 dagger (weapon)
   (You took it off a goblin on level 1 of the Dungeon)
Armour
 a - a +0 robe (worn)
Scrolls
 c - a scroll of magic mapping {unknown}
 e - a scroll of identify {unknown}
 f - 2 scrolls of remove curse {unknown}
 g - a scroll of noise {unknown}
 h - a scroll of fear {unknown}
 i - a scroll of teleportation {unknown}
 j - a scroll of amnesia {unknown}
 k - a scroll of enchant weapon {unknown}


You were on level 3 of the Dungeon.
You were not hungry.

You visited 1 branch of the dungeon, and saw 3 of its levels.

You collected 76 gold pieces.

Dungeon Overview and Level Annotations

Branches:
Dungeon (3/15)

Altars:
Kikubaaqudgha

#.# #.## ... #####†.###
.... #........#.....
#........#.....
#........#.....
####.....h.....
####.#.......#
#....rh@.....#
#.###g#......## #.
#g#...#........
###.####.#.###......##
#......#...#.....##...
#......#####.##..## .#
#......##.........# #
.........###.#[.#.....
.............#..#...#.#


You could see a gnoll, 2 jackals and a rat.

Notes
Turn   | Place    | Note
-------+----------+-------------------------------------------
     0 | D:1      | theanonym the Mummy Conjurer began the quest for the Orb.
     0 | D:1      | Reached XP level 1. HP: 13/13 MP: 4/4
    83 | D:1      | Reached skill level 3 in Spellcasting
   161 | D:1      | Reached XP level 2. HP: 19/19 MP: 1/6
   702 | D:1      | Reached XP level 3. HP: 24/24 MP: 4/8
  1192 | D:2      | Found an ancient bone altar of Kikubaaqudgha.
  1238 | D:2      | Reached skill level 4 in Spellcasting
  1562 | D:2      | Reached skill level 4 in Conjurations
  1897 | D:2      | Noticed a bullfrog
  1905 | D:2      | Killed a bullfrog
  1905 | D:2      | Reached XP level 4. HP: 18/30 MP: 0/10
  2027 | D:2      | Learned a level 4 spell: Iskenderun's Mystic Blast
  2246 | D:3      | Reached XP level 5. HP: 29/35 MP: 6/12
  2455 | D:3      | Reached skill level 5 in Spellcasting
  2480 | D:3      | HP: 8/35 [gnoll/spear (11)]
  2486 | D:3      | HP: 7/35 [jackal (2)]
  2488 | D:3      | Slain by a gnoll

Vanquished Creatures
  A bullfrog (D:2)
  4 adders
  3 dart slugs
  A leopard gecko (D:1)
  A ball python (D:1)
  8 bats
  4 giant cockroaches
  6 goblins
  2 hobgoblins (D:1)
  5 jackals
  9 kobolds
  6 frilled lizards
  8 rats
58 creatures vanquished.

Table legend:
 A = Turns spent in this place as a percentage of turns spent in the entire game.
 B = Non-inter-level travel turns spent in this place as a percentage of non-inter-level travel turns spent in the entire game.
 C = Inter-level travel turns spent in this place as a percentage of turns spent in this place.
 D = Turns resting spent in this place as a percentage of non-inter-level travel turns spent in this place.
 E = Turns spent auto-exploring this place as a percentage of non-inter-level travel turns spent in this place.
 F = Non-inter-level travel turns spent in this place divided by the number of levels of this place that you've seen.
                   A       B       C       D       E      F
               +-------+-------+-------+-------+-------+----------------------
         Total | 100.0 | 100.0 |   2.7 |  37.1 |  52.0 | 806.7
       Dungeon | 100.0 | 100.0 |   2.7 |  37.1 |  52.0 | 806.7
               +-------+-------+-------+-------+-------+----------------------
